 Dungeon Crawl Stone Soup version 0.27.1-34-g3ba077fa99 (webtiles) character file.

Game seed: 9544755498527008485

2 cbfl8 the Sneak (level 1, -12/19 HPs)
             Began as a Minotaur Delver on Jan 17, 2022.
             Killed by divine providence
             ... invoked by an orc priest
              (14 damage)
             ... on level 6 of the Dungeon.
             The game lasted 00:00:40 (101 turns).

cbfl8 the Sneak (Minotaur Delver)                    Turns: 101, Time: 00:00:41

Health: -12/19     AC:  3    Str: 16    XL:     1   Next: 25%
Magic:  0/0        EV: 11    Int:  7    God:
Gold:   0          SH:  0    Dex: 11    Spells: 0/0 levels left

rFire    . . .     SeeInvis .   a - +0 hand axe
rCold    . . .     Faith    .   (no shield)
rNeg     . . .     Spirit   .   b - +0 leather armour
rPois    .         Reflect  .   (helmet restricted)
rElec    .         Harm     .   (no cloak)
rCorr    .         Rampage  .   (no gloves)
Will     .....                  (no boots)
Stlth    ++........             (no amulet)
HPRegen  0.06/turn              (no ring)
MPRegen  0.07/turn              (no ring)

@: hasted, very quick
A: horns 2, retaliatory headbutt
a: no special abilities


You were on level 6 of the Dungeon.
You visited 1 branch of the dungeon, and saw 2 of its levels.

Inventory:

Hand Weapons
 a - a +0 hand axe (weapon)
Armour
 b - a +0 leather armour (worn)
Wands
 g - a wand of digging (3)
Scrolls
 c - a scroll of fog
 d - a scroll of magic mapping
 e - a scroll of fear
 h - a scroll of identify {unknown}
 j - a scroll of teleportation {unknown}
Potions
 i - a potion of curing {unknown}


   Skills:
 + Level 3.6 Fighting
 + Level 2.4 Axes
 + Level 2.2 Dodging
 + Level 4.2 Stealth


You couldn't memorise any spells.
You didn't know any spells.
Your spell library was empty.

Dungeon Overview and Level Annotations

Branches:
Dungeon (6/15)
 Temple: D:4-7

Altars:
Ashenzari
Sif Muna
Trog


Innate Abilities, Weirdness & Mutations

You have a pair of horns on your head.
You reflexively headbutt those who attack you in melee.


Message History

You closely miss the orc. You headbutt the orc!
You kill the orc!
Unknown command.
You closely miss the orc. Your headbutt misses the orc.
The orc hits you but does no damage.
Unknown command.
You hit the orc.
The orc is lightly wounded.
The orc closely misses you.
Unknown command.
You closely miss the orc. You headbutt the orc, but do no damage.
The orc is lightly wounded.
The orc hits you with a +0 club. x2
Unknown command.
You hit the orc but do no damage. The orc hits you with a +0 club.
Unknown command.
You hit the orc but do no damage. The orc closely misses you.
You hit the orc but do no damage. The orc hits you but does no damage.
Unknown command.
You hit the orc but do no damage. The orc hits you with a +0 club.
Unknown command.
You barely miss the orc. You headbutt the orc, but do no damage.
The orc misses you.
Unknown command.
You hit the orc but do no damage. The orc hits you with a +0 club.
* * * LOW HITPOINT WARNING * * *
The orc hits you but does no damage.
Unknown command.
You barely miss the orc. Your headbutt misses the orc. The orc misses you.
You hit the orc but do no damage. The orc barely misses you.
Unknown command.
You hit the orc but do no damage. The orc hits you with a +0 club.
* * * LOW HITPOINT WARNING * * *
You feel yourself speed up. The orc closely misses you.
You see here a +0 ring mail.
You see here 3 viscous white potions.
The orc priest calls down the wrath of Beogh upon you.
Beogh smites you!
Ouch! That really hurt!
You die...

#.# #.#
#.# #.#
##.# ..#
#.# #@#
#.# #.#
#o# #[#
#..#o#####
#o{#.o.)o#
#o.#####.#
#.o# #.#


You could see an orc priest and 2 orcs.

Vanquished Creatures
  An orc (D:6)
1 creature vanquished.

Notes
Turn   | Place    | Note
-------+----------+-------------------------------------------
     0 | D:5      | cbfl8 the Minotaur Delver began the quest for the Orb.
     0 | D:5      | Reached XP level 1. HP: 19/19 MP: 0/0
     2 | D:5      | Found a bloodstained altar of Trog.
    15 | D:5      | Noticed a howler monkey
    57 | D:6      | Noticed an orc priest
    59 | D:6      | Noticed an orc wizard
   101 | D:6      | Killed from afar by an orc priest

Illustrated notes

Levels and vault maps discovered:
D:5:      layout_loops_ring, nicolae_overflow_hidden_temple, serial_shops,
          shop_scrolls, minivault_27, lightli_corner_chamber
D:6:      layout_basic, nzn_random_ring

Action                   || total
-------------------------++-------
Melee: Hand axe          ||    13
       Headbutt          ||     3
  Use: Potion            ||     1
Armor: Leather armour    ||     3
Dodge: Dodged            ||     7
